 Dungeon Crawl Stone Soup version 0.25-a0-578-gc91f01c39c (webtiles) character file.

Game seed: 17818972841403855462, levelgen mode: classic

189 EnegeticOcto the Covered (level 5, 14/50 HPs)
             Began as a Deep Dwarf Fighter on Mar 4, 2020.
             Quit the game on level 4 of the Dungeon.
             The game lasted 00:00:32 (666 turns).

EnegeticOcto the Covered (Deep Dwarf Fighter)        Turns: 666, Time: 00:00:33

Health: 14/50      AC:  6    Str: 20    XL:     5   Next: 40%
Magic:  5/5        EV:  7    Int:  9    God:
Gold:   58         SH:  8    Dex: 12    Spells: 4/4 levels left

rFire    . . .     SeeInvis .   a - +0 war axe
rCold    . . .     Gourm    .   c - +0 kite shield
rNeg     . . .     Faith    .   b - +0 scale mail
rPois    .         Spirit   .   (no helmet)
rElec    .         Reflect  .   (no cloak)
rCorr    .         Harm     .   (no gloves)
MR       .....                  (no boots)
Stlth    ..........             (no amulet)
HPRegen  0.00/turn              f - +1 ring of evasion
MPRegen  0.09/turn              (no ring)

@: non-regenerating, very heavily drained
A: damage resistance, heal wounds, sense surroundings 1, no regeneration
a: Heal Wounds


You were on level 4 of the Dungeon.
You were not hungry.

You visited 1 branch of the dungeon, and saw 4 of its levels.

You collected 58 gold pieces.

Inventory:

Hand Weapons
 a - a +0 war axe (weapon)
Missiles
 d - a throwing net (quivered)
Armour
 b - a +0 scale mail (worn)
 c - a +0 kite shield (worn)
Jewellery
 f - a +1 ring of evasion (left hand)
 j - an uncursed ring of protection from cold {unknown}
Scrolls
 h - 2 scrolls of identify {unknown}
 i - 2 scrolls of enchant armour {unknown}
 p - a scroll of remove curse {unknown}
Potions
 k - a potion of might {@q3}
 l - a potion of haste {unknown}
 m - a potion of degeneration {unknown}
 n - 3 potions of cancellation {unknown}
 o - a potion of curing {unknown}
Comestibles
 e - 4 rations


   Skills:
 * Level 3.9(0.6) Fighting
 * Level 4.0(0.7) Axes
 + Level 4.0(0.7) Armour
 + Level 4.0(0.7) Shields


You had 4 spell levels left.
You didn't know any spells.
Your spell library was empty.

Dungeon Overview and Level Annotations

Branches:
Dungeon (4/15)
 Temple: D:4-7

Altars:
Elyvilon

Annotations:
D:4 Edmund


Innate Abilities, Weirdness & Mutations

You are resistant to damage.
You can heal yourself by infusing magical energy.
You passively map a small area around you.
You do not regenerate.


Message History

The worker ant is heavily wounded.
You hit Edmund.
Edmund hits you with a +2 flail of draining.
You feel drained. You block the worker ant's attack. x2
Edmund hits you but does no damage.
You feel drained.
You hit the worker ant.
The worker ant is severely wounded.
You closely miss Edmund. The worker ant barely misses you.
Edmund closely misses you.
There are monsters nearby!
There are monsters nearby!
You closely miss the worker ant.
The worker ant is severely wounded.
You hit Edmund but do no damage.
The worker ant bites you but does no damage. x2
Edmund hits you with a +2 flail of draining.
You feel drained.
You hit the worker ant.
The worker ant is almost dead.
You hit Edmund. The worker ant barely misses you. You block Edmund's attack.
You block the worker ant's attack.
You closely miss the worker ant.
The worker ant is almost dead.
Your shield prevents you from hitting Edmund.
Edmund says, "People accused me of being a cutpurse!"
You block Edmund's attack. The worker ant closely misses you.
The worker ant bites you but does no damage.
You block Edmund's attack.
You hit the worker ant but do no damage.
The worker ant is almost dead.
You slash Edmund! The worker ant bites you.
Edmund hits you with a +2 flail of draining!
You feel drained.
There are monsters nearby!
There are monsters nearby!
There are monsters nearby!
You closely miss the worker ant.
The worker ant is almost dead.
You barely miss Edmund. The worker ant barely misses you.
The worker ant bites you.
Edmund hits you with a +2 flail of draining.
You feel drained.
You barely miss the worker ant.
The worker ant is almost dead.
You hit Edmund. You block the worker ant's attack. Edmund closely misses you.
The worker ant closely misses you.
You hit the worker ant.
You kill the worker ant!
Your base Axes skill increases to level 4!
Your base Shields skill increases to level 4!
You hit Edmund. Edmund barely misses you.
You hit Edmund.
Edmund is severely wounded.
Edmund hits you but does no damage.
You feel drained.
Edmund hits you with a +2 flail of draining.
You feel drained.
Your shield and scale mail prevent you from hitting Edmund.
Edmund is severely wounded.
You block Edmund's attack.
You hit Edmund.
Edmund is severely wounded.
You block Edmund's attack.
You completely miss Edmund.
Edmund is severely wounded.
You block Edmund's attack.
Edmund hits you with a +2 flail of draining!
You feel drained.
You hit Edmund but do no damage.
Edmund is severely wounded.
Edmund barely misses you.
You hit Edmund but do no damage.
Edmund is severely wounded.
Edmund barely misses you.
You hit Edmund.
Edmund is severely wounded.
You block Edmund's attack. Edmund barely misses you.
You closely miss Edmund.
Edmund is severely wounded.
Edmund hits you with a +2 flail of draining!
* * * LOW HITPOINT WARNING * * *
You feel drained.
* * * LOW HITPOINT WARNING * * *
You are too injured to fight recklessly!
You are too injured to fight recklessly!
You are too injured to fight recklessly!
You are too injured to fight recklessly!
You are too injured to fight recklessly!
You are too injured to fight recklessly!
You are too injured to fight recklessly!
You are too injured to fight recklessly!
You are too injured to fight recklessly!
You are too injured to fight recklessly!
You are too injured to fight recklessly!
You are too injured to fight recklessly!
You are too injured to fight recklessly!
You are too injured to fight recklessly!
You are too injured to fight recklessly!
You are too injured to fight recklessly!
You are too injured to fight recklessly!
Are you sure you want to abandon this character and quit the game? (Confirm with "yes".)

##.#.# #.#.# *
#.#.# , + #.#.# *
,, , #.#.# #.#.#
*####### #.#.#
......#
#.#.####@.....#
#.#....@......#
#.######....?.#
#.# *......# ,
#.# ......#* , ,
#.# .......+ ,
#.# *####### ,
#.# ###.### #.#
#####.....#
#.#####.....#...#


You could see Edmund.

Vanquished Creatures
  A phantom (D:4)
  An iguana (D:2)
  A worker ant (D:4)
  An adder (D:3)
  3 oozes
  A dart slug (D:1)
  6 bats
  6 goblins
  4 hobgoblins
  2 kobolds (D:2)
  A frilled lizard (D:2)
  2 rats (D:1)
29 creatures vanquished.

Notes
Turn   | Place    | Note
-------+----------+-------------------------------------------
     0 | D:1      | EnegeticOcto the Deep Dwarf Fighter began the quest for the
                  | Orb.
     0 | D:1      | Reached XP level 1. HP: 20/20 MP: 1/1
    51 | D:1      | Reached XP level 2. HP: 27/27 MP: 2/2
   381 | D:2      | Reached XP level 3. HP: 26/34 MP: 3/3
   384 | D:2      | Found a white marble altar of Elyvilon.
   530 | D:3      | Reached XP level 4. HP: 29/42 MP: 4/4
   544 | D:4      | Noticed a phantom
   583 | D:4      | Killed a phantom
   583 | D:4      | Reached XP level 5. HP: 28/50 MP: 5/5
   642 | D:4      | Noticed Edmund
   666 | D:4      | Quit the game

Levels and vault maps discovered:
D:1:      tarquinn_simple_flora_water_c, layout_basic
D:2:      layout_loops_ring, lemuel_doored_altar, elyvilon_altar_4
D:3:      layout_loops_ring, grunt_temple_overflow_gold_and_silver,
          trog_eyes_of_draining
D:4:      cheibrodos_greedy_goblins, layout_basic, uniq_edmund,
          uniq_crazy_yiuf_cottage

Skill      XL: |  1  2  3  4  5 |
---------------+----------------+-----
Fighting       | 3 |  3.9
Axes           | 3 4 |  4.0
Armour         | 4 |  4.0
Shields        | 4 |  4.0

Action                   |  1- 3 |  4- 6 || total
-------------------------+-------+-------++-------
Melee: War axe           |    68 |    35 ||   103
 Abil: Heal Wounds       |       |     1 ||     1
Armor: Scale mail        |    36 |     7 ||    43
Dodge: Dodged            |    36 |    20 ||    56
Block: Kite shield       |    48 |    20 ||    68

Table legend:
 A = Non-vault XP
 B = Vault XP
 C = Vault XP percentage of total XP
 D = Non-vault monster count
 E = Vault monster count
 F = Vault count percentage of total count
                 A         B        C        D         E       F
            +---------+---------+-------+---------+---------+-------
      Total |     270 |       0 |   0.0 |      29 |       0 |   0.0
            +---------+---------+-------+---------+---------+-------
        D:1 |      23 |       0 |   0.0 |       9 |       0 |   0.0
        D:2 |      66 |       0 |   0.0 |      15 |       0 |   0.0
        D:3 |      15 |       0 |   0.0 |       2 |       0 |   0.0
        D:4 |     166 |       0 |   0.0 |       3 |       0 |   0.0
            +---------+---------+-------+---------+---------+-------
